 Dungeon Crawl Stone Soup version 0.30-a0-587-gfd7c166f36 (webtiles) character file.

Game seed: 925435696444143034

158 BlackLaughter the Conjurer (level 5, -2/28 HPs)
             Began as a Deep Elf Conjurer on Jan 4, 2023.
             Slain by an iguana (11 damage)
             ... on level 4 of the Dungeon.
             The game lasted 00:11:45 (3568 turns).

BlackLaughter the Conjurer (Deep Elf Conjurer)      Turns: 3568, Time: 00:11:46

Health: -2/28      AC:  7    Str:  4    XL:     5   Next: 16%
Magic:  8/14       EV:  9    Int: 25    God:
Gold:   226        SH:  0    Dex: 13    Spells: 12/13 levels left

rFire   . . .      SeeInvis +    j - +5 quarterstaff (chaos)
rCold   + . .      Faith    .    (shield currently unavailable)
rNeg    . . .      Spirit   .    g - +0 ring mail
rPois   .          Reflect  .    (no helmet)
rElec   .          Harm     .    h - +0 cloak
rCorr   .          Rampage  .    u - +0 pair of gloves
Will    .....                    (no boots)
Stlth   +                        (no amulet)
HPRegen 0.24/turn                (no ring)
MPRegen 0.14/turn                (no ring)

@: very slightly contaminated
A: see invisible, cold resistance 1
a: no special abilities


You were on level 4 of the Dungeon.
You visited 1 branch of the dungeon, and saw 4 of its levels.

You collected 226 gold pieces.

Inventory:

Hand Weapons
 c - a +0 spear
 d - a +0 dagger
 f - a +1 short sword
 j - a +5 quarterstaff of chaos (weapon)
Armour
 a - a +0 robe
 g - a +0 ring mail (worn)
 h - a +0 cloak (worn)
 o - a +0 scale mail
 u - a +0 pair of gloves (worn)
Scrolls
 e - a scroll of teleportation
 n - a scroll of fog
 s - 2 scrolls of magic mapping
 t - a scroll of enchant armour
Potions
 b - a potion of magic
 i - a potion of curing


   Skills:
 + Level 0.6 Armour
 + Level 2.6 Dodging
 + Level 2.7 Stealth
 + Level 4.9 Spellcasting
 + Level 5.9 Conjurations


You had 12 spell levels left.
You knew the following spells:

 Your Spells              Type           Power      Damage    Failure   Level
a - Magic Dart            Conj           100%       1d8       4%          1

Your spell library contained the following spells:

 Spells                   Type           Power      Damage    Failure   Level
 Searing Ray              Conj           72%        2d7       6%          2
 Static Discharge         Conj/Air       42%        2-4/arc   22%         2
 Dazzling Flash           Conj/Hex       42%        N/A       41%         3
 Stone Arrow              Conj/Erth      42%        3d9       41%         3
 Sandblast                Erth           12%        2d6       45%         1
 Passwall                 Tmut/Erth      5%         N/A       58%         2
 Fulminant Prism          Conj/Hex       10%        3d9       82%         4
 Iskenderun's Mystic Bla  Conj/Tloc      21%        2d6       82%         4
 Vhi's Electric Charge    Tloc/Air       12%        N/A       83%         3
 Arcjolt                  Conj/Air       10%        1d20      99%         5
 Lightning Bolt           Conj/Air       10%        1d23      99%         5


Dungeon Overview and Level Annotations

Branches:
Dungeon (4/15)
 Temple: D:4-7

Altars:


Innate Abilities, Weirdness & Mutations

You have supernaturally acute eyesight. (SInv)
Your flesh is cold resistant. (rC+)


Message History

Found a stone staircase leading down.
s - 2 scrolls of magic mapping (gained 1)
You now have 226 gold pieces (gained 17).
An iguana comes into view.
Found 2 atropa-tipped darts.
Aiming: Magic Dart (safe; 4% risk of failure)
Press: ? - help, Q - select action Shift-Dir - straight line, f - iguana
Aim: an iguana (asleep, 100% to hit)
The magic dart hits the iguana but does no damage.
The iguana hisses angrily.
Aiming: Magic Dart (safe; 4% risk of failure)
Press: ? - help, Q - select action Shift-Dir - straight line, f/p - iguana
Aim: an iguana (100% to hit)
The magic dart hits the iguana but does no damage.
Aiming: Magic Dart (safe; 4% risk of failure)
Press: ? - help, Q - select action Shift-Dir - straight line, f/p - iguana
Aim: an iguana (100% to hit)
The magic dart hits the iguana.
The iguana is lightly wounded.
The iguana bites you.
Aiming: Magic Dart (safe; 4% risk of failure)
Press: ? - help, Q - select action Shift-Dir - straight line, f/p - iguana
Aim: an iguana (lightly wounded, 100% to hit)
You miscast Magic Dart.
You are very lightly contaminated with residual magic.
Nothing appears to happen.
The iguana bites you!
Aiming: Magic Dart (safe; 4% risk of failure)
Press: ? - help, Q - select action Shift-Dir - straight line, f/p - iguana
Aim: an iguana (lightly wounded, 100% to hit)
The magic dart hits the iguana.
The iguana is moderately wounded.
The iguana bites you!
Aiming: Magic Dart (safe; 4% risk of failure)
Press: ? - help, Q - select action Shift-Dir - straight line, f/p - iguana
Aim: an iguana (moderately wounded, 100% to hit)
The magic dart hits the iguana but does no damage.
The iguana is moderately wounded.
The iguana bites you!
You die...

.. #.........
#####.........
####.............
#######................
#......................
#.#####................
#.# #................
#.# #.......#@.# #.#
#........#l..# #.#
####.>...#(.#.... #.#
#....##.#..... #.#
#....# #.... . #.#
#....# # #... #.######
#....# ...
#......######## ..
#####.........#


You could see an iguana.

Vanquished Creatures
  Crazy Yiuf (D:3)
  An iguana (D:2)
  4 adders
  A dart slug (D:1)
  2 worms
  5 ball pythons
  8 bats
  5 endoplasms
  3 giant cockroaches
  2 goblins
  4 hobgoblins
  4 jackals (D:3)
  9 kobolds
  5 quokkas
  3 frilled lizards
  6 rats
63 creatures vanquished.

Vanquished Creatures (others)
  A plant (D:4)
1 creature vanquished.

Grand Total: 64 creatures vanquished

Notes
Turn   | Place    | Note
-------+----------+-------------------------------------------
     0 | D:1      | BlackLaughter the Deep Elf Conjurer began the quest for the
                  | Orb.
     0 | D:1      | Reached XP level 1. HP: 10/10 MP: 6/6
   257 | D:1      | Reached XP level 2. HP: 15/15 MP: 6/8
   348 | D:1      | You fall into a shaft and drop 1 floor!
   564 | D:1      | Reached skill level 5 in Conjurations
  1019 | D:1      | Reached XP level 3. HP: 19/19 MP: 6/10
  1748 | D:2      | Reached XP level 4. HP: 5/24 MP: 1/12
  2708 | D:3      | Found a runed translucent door.
  2709 | D:3      | Noticed Crazy Yiuf
  3127 | D:3      | Gained mutation: You have hidden genetic potential. [potion
                  | of mutation]
  3127 | D:3      | Gained mutation: You have supernaturally acute eyesight.
                  | (SInv) [potion of mutation]
  3127 | D:3      | Lost mutation: You have hidden genetic potential. [potion
                  | of mutation]
  3127 | D:3      | Gained mutation: Your flesh is cold resistant. (rC+)
                  | [potion of mutation]
  3312 | D:3      | Killed Crazy Yiuf
  3313 | D:3      | Reached XP level 5. HP: 26/28 MP: 7/14
  3568 | D:4      | Slain by an iguana

Illustrated notes

Levels and vault maps discovered:
D:1:      beargit_arrival_diablo_church, layout_loops_corners
D:2:      layout_basic
D:3:      layout_loops_ring, uniq_crazy_yiuf_cottage
D:4:      layout_basic, nicolae_hepliaklqana_hazy_memory,
          hangedman_decor_diamond_cutter, nicolae_shop_firing_range

Skill      XL: |  1  2  3 |
---------------+----------+-----
Conjurations   | 5 |  5.9
Spellcasting   | 4 |  4.9
Armour         | |  0.6
Dodging        | |  2.6
Stealth        | |  2.7

Action                   |  1- 3 |  4- 6 || total
-------------------------+-------+-------++-------
 Cast: Magic Dart        |    71 |    46 ||   117
  Use: Scroll            |       |    14 ||    14
       Potion            |       |     5 ||     5
Armor: Ring mail         |     5 |     6 ||    11
Dodge: Dodged            |     8 |     6 ||    14

Table legend: (Time is in decaauts)
 A = Elapsed time spent in this place.
 B = Non-inter-level travel time spent in this place.
 C = Inter-level travel time spent in this place.
 D = Time resting spent in this place.
 E = Time spent auto-exploring this place.
 F = Levels seen in this place.
 G = Mean time per level.
                   A        B        C        D        E       F      G
               +--------+--------+--------+--------+--------+-----+--------+
         Total |   3564 |   3314 |    250 |    253 |   2731 |   4 |  891.0 |
       Dungeon |   3564 |   3314 |    250 |    253 |   2731 |   4 |  891.0 |
               +--------+--------+--------+--------+--------+-----+--------+

Top non-repeatable levels by time:
     D:1: 1272 daAuts
     D:3: 1082 daAuts
     D:2: 1076 daAuts
     D:4: 133 daAuts
